 Dungeon Crawl Stone Soup version 0.28.0-45-g0d030f2227 (webtiles) character file.

Game seed: 14729507021523501380

119 MisterFreud the Cudgeller (level 4, 0/37 HPs)
             Began as a Palentonga Fighter on Apr 1, 2022.
             Was an Initiate of Okawaru.
             Slain by a killer bee (2 damage)
             ... on level 3 of the Dungeon.
             The game lasted 00:03:26 (2533 turns).

MisterFreud the Cudgeller (Palentonga Fighter)      Turns: 2533, Time: 00:03:27

Health: 0/37       AC:  6    Str: 18 (21) XL:     4   Next: 73%
Magic:  4/4        EV:  7    Int:  8 (9)  God:    Okawaru [......]
Gold:   113        SH:  4    Dex:  6 (9)  Spells: 3/3 levels left

rFire   . . .      SeeInvis +   a - +1 flail
rCold   . . .      Faith    .   c - +1 buckler
rNeg    . . .      Spirit   .   b - +0 scale mail
rPois   +          Reflect  .   (no helmet)
rElec   .          Harm     .   (no cloak)
rCorr   +          Rampage  .   (no gloves)
Will    .....                   (no barding)
Stlth   ..........              (no amulet)
HPRegen 0.12/turn               h - ring of poison resistance
MPRegen 0.09/turn               j - ring of resist corrosion

@: no status effects
A: large, rugged brown scales 3, see invisible, deformed body, roll 1, armoured
tail
a: Rolling Charge, Renounce Religion


You were on level 3 of the Dungeon.
You worshipped Okawaru.
Okawaru was noncommittal.
You visited 1 branch of the dungeon, and saw 4 of its levels.

You collected 113 gold pieces.

Inventory:

Hand Weapons
 a - a +1 flail (weapon)
 r - a +2 spear of venom
Missiles
 e - 5 poisoned darts
Armour
 b - a +0 scale mail (worn)
 c - a +1 buckler (worn)
Jewellery
 h - a ring of poison resistance (left hand)
 j - a ring of resist corrosion (right hand)
 m - a +6 ring of intelligence
Scrolls
 f - a scroll of fog
 g - 2 scrolls of identify
Potions
 d - a potion of might
 k - a potion of curing
 n - a potion of flight {unknown}
 p - a potion of heal wounds {unknown}
 q - a potion of haste {unknown}
 s - a potion of brilliance {unknown}


   Skills:
 - Level 3.0 Fighting
 + Level 5.0 Maces & Flails
 - Level 2.4 Armour
 - Level 2.4 Shields


You had 3 spell levels left.
You didn't know any spells.
Your spell library contained the following spells:

 Spells                   Type           Power      Damage    Failure   Level
 Pain                     Necr           0%         1d4       86%         1
 Vampiric Draining        Necr           0%         2d6       99%         3
 Animate Skeleton         Necr           Unusable   N/A       N/A         1

Dungeon Overview and Level Annotations

Branches:
Dungeon (4/15)
 Temple: D:4-7

Altars:
Okawaru


Innate Abilities, Weirdness & Mutations

You are completely covered in rugged brown scales. (AC +3, +7% HP)
You have supernaturally acute eyesight. (SInv)
Armour fits poorly on your strangely shaped body.
You can roll at nearby foes to attack.
You have a long armoured tail.


Message History

It is a scroll of identify.
f - a scroll of fog You feel sick.
The killer bee stings you but does no damage.
The killer bee stings you.
* * * LOW HITPOINT WARNING * * *
The killer bee stings you but does no damage.
The killer bee barely misses you.
As you read the scroll labelled KEUBING SOAPN, it crumbles to dust.
It is a scroll of enchant armour.
Your +0 buckler glows green for a moment.
You feel sick. You block the killer bee's attack.
The killer bee stings you but does no damage. x2
The killer bee stings you.
* * * LOW HITPOINT WARNING * * *
It was a potion of curing.
You feel better. The killer bee closely misses you. The killer bee stings you.
* * * LOW HITPOINT WARNING * * *
The killer bee closely misses you. The killer bee stings you.
* * * LOW HITPOINT WARNING * * *
Unknown command.
Unknown command.
Unknown command.
Unknown command.
Unknown command.
As you read the scroll labelled GOELIH MARR, it crumbles to dust.
It is a scroll of enchant weapon.
Your +0 flail glows red for a moment.
The killer bee stings you but does no damage.
The killer bee closely misses you. You block the killer bee's attack.
The killer bee stings you but does no damage.
Unknown command.
It was a potion of degeneration.
There was something very wrong with that liquid.
You feel weakened.
You feel dopey.
You feel clumsy. You block the killer bee's attack.
The killer bee barely misses you. The killer bee stings you.
* * * LOW HITPOINT WARNING * * *
The killer bee stings you.
You die...

.............###.### #.#.#
########.....#.....# #.#.###
####..#.###.##### #...... #....#
#.....# ######. #.##.###.###.# #.
#.##.....# #.# #. #.##.#y### #.#
#. #.##.#y# #.# #. #.##.#@#
#.#########. ###########.##.#y#
#...........
..>...†..##.##.#.#####...........
########.##.##.........##########
## #.........####### .#
####.###### .##########.#
............# #############


You could see 3 killer bees.

Vanquished Creatures
  An orc wizard (D:3)
  An adder (D:2)
  An adder skeleton (D:4)
  2 worms (D:3)
  3 dart slugs
  6 orcs
  4 bats
  7 endoplasms
  3 giant cockroaches
  6 goblins
  A hobgoblin (D:1)
  2 jackals (D:3)
  8 kobolds
  6 ball pythons
  7 frilled lizards
  6 rats
64 creatures vanquished.

Vanquished Creatures (others)
  2 fungi (D:1)
  7 plants (D:1)
9 creatures vanquished.

Grand Total: 73 creatures vanquished

Notes
Turn   | Place    | Note
-------+----------+-------------------------------------------
     0 | D:1      | MisterFreud the Palentonga Fighter began the quest for the
                  | Orb.
     0 | D:1      | Reached XP level 1. HP: 19/19 MP: 1/1
    84 | D:1      | Reached XP level 2. HP: 7/25 MP: 2/2
   339 | D:1      | Reached skill level 3 in Maces & Flails
   589 | D:1      | Found a faded altar of an unknown god.
   756 | D:2      | Reached XP level 3. HP: 31/31 MP: 3/3
  1108 | D:2      | Reached skill level 4 in Maces & Flails
  1635 | D:3      | Reached XP level 4. HP: 28/37 MP: 4/4
  2165 | D:3      | Found an iron altar of Okawaru.
  2177 | D:3      | Became a worshipper of Warmaster Okawaru
  2261 | D:3      | Reached skill level 5 in Maces & Flails
  2533 | D:3      | Slain by a killer bee

Illustrated notes

Levels and vault maps discovered:
D:1:      heliophobic_arrival_battle_scene, layout_rooms,
          shapermc_ecumenical_altar_mp_ritualfount, serial_glass,
          glass_columns_c, glass_columns_b, chequers_serial_rivers_large_a
D:2:      layout_loops_corners, minmay_tromino_v4_c
D:3:      layout_loops_ring, okawaru_trees_2, kennysheep_generic_room_13
D:4:      kennysheep_spiral_hall, layout_rooms, kennysheep_mini_moat,
          lemuel_mausoleum_altar_kikubaaqudgha, grunt_temple_overflow_diamond

Skill      XL: |  1  2  3  4 |
---------------+-------------+-----
Maces & Flails | 3 4 5 |  5.0
Fighting       | |  3.0
Armour         | |  2.4
Shields        | |  2.4

Action                   |  1- 3 |  4- 6 || total
-------------------------+-------+-------++-------
Melee: Flail             |   119 |    42 ||   161
       Tailslap          |    12 |     6 ||    18
 Abil: Rolling Charge    |    25 |     4 ||    29
  Use: Scroll            |       |     3 ||     3
       Potion            |       |     2 ||     2
Armor: Scale mail        |    59 |    25 ||    84
Dodge: Dodged            |    46 |    17 ||    63
Block: Buckler           |    20 |    11 ||    31
